 Dungeon Crawl Stone Soup version 0.22-a0-553-g9358b0b (webtiles) character file.

412 Amnesiac the Cutter (level 6, -2/32 HPs)
             Began as a Vine Stalker Fighter on June 25, 2018.
             Killed by nerve-wracking pain
             ... invoked by Grinder
              (5 damage)
             ... while paralysed by Grinder
             ... on level 5 of the Dungeon.
             The game lasted 00:02:45 (1676 turns).

Amnesiac the Cutter (Vine Stalker Fighter)          Turns: 1676, Time: 00:02:46

Health: -2/32      AC:  6    Str: 21    XL:     6   Next: 90%
Magic:  0/7        EV:  2    Int:  8    God:
Gold:   38         SH:  0    Dex: 13    Spells: 5/5 levels left

rFire    . . .     SeeInvis .   a - +0 rapier
rCold    . . .     Gourm    .   c - +0 shield
rNeg     . . .     Faith    .   b - +0 scale mail
rPois    .         Spirit   +   (no helmet)
rElec    .         Reflect  .   (no cloak)
rCorr    .         Harm     .   (no gloves)
MR       .....                  (no boots)
Stlth    ..........             (no amulet)
HPRegen  0.50/turn              (no ring)
MPRegen  0.10/turn              (no ring)

@: paralysed
A: fangs 2, regeneration 1, magic shield, antimagic bite, no potion heal 3, rot
immunity
a: no special abilities


You were on level 5 of the Dungeon.
You were not hungry.

You visited 1 branch of the dungeon, and saw 5 of its levels.

You collected 38 gold pieces.

Inventory:

Hand Weapons
 a - a +0 rapier (weapon)
 m - a +0 blowgun
Missiles
 n - 37 poisoned needles
Armour
 b - a +0 scale mail (worn)
 c - a +0 shield (worn)
 o - a +0 leather armour of poison resistance
Jewellery
 v - an uncursed ring of ice
Wands
 s - a wand of paralysis (9)
Scrolls
 e - a scroll of enchant weapon {!r, unknown}
 g - a scroll of blinking {!r, unknown}
 j - a scroll of noise {!r, unknown}
 k - a scroll of magic mapping {!r, unknown}
 t - a scroll of amnesia {!r, unknown}
 u - a scroll of remove curse {!r, unknown}
 w - a scroll of immolation {!r, unknown}
 x - a scroll of identify {!r, unknown}
Potions
 d - a potion of might {!q}
 h - a potion of flight {!q, unknown}
 i - a potion of haste {!q, unknown}
 l - a potion of lignification {!q, unknown}
 p - a potion of mutation {!q, unknown}
 q - 2 potions of degeneration {!q, unknown}
 r - a potion of berserk rage {!q, unknown}
Comestibles
 f - 3 rations
 z - 9 chunks of flesh


   Skills:
 - Level 2.6 Fighting
 * Level 5.7 Short Blades
 - Level 2.4 Armour
 - Level 2.4 Dodging
 - Level 2.6 Shields


You had 5 spell levels left.
You didn't know any spells.
Your spell library was empty.

Dungeon Overview and Level Annotations

Branches:
Dungeon (5/15)
 Temple: D:4-7

Altars:
Sif Muna

Annotations:
D:5 Grinder


Innate Abilities, Weirdness & Mutations

You have extremely sharp teeth.
Your natural rate of healing is unusually fast.
When hurt, damage is shared between your health and your magic reserves.
Your bite disrupts and absorbs the magic of your enemies.
Potions cannot restore your health.
You are immune to rotting.


Message History

You butcher the worker ant corpse.
z - 7 chunks of flesh (gained 2)
You see here a leopard gecko corpse.
You butcher the leopard gecko corpse.
You feel sick.
Grinder comes into view.
You see here 2 chunks of flesh.
There isn't anything to butcher here.
You see here 2 chunks of flesh.
z - 9 chunks of flesh (gained 2)
You feel sick.
You start resting.
HP restored.
You feel sick.
You hit Grinder.
Grinder is lightly wounded.
You hear the slow rusting of a drain nearby.
Grinder blinks!
You barely miss Grinder.
Grinder is lightly wounded.
Grinder hits you.
You writhe in agony.
You hit Grinder.
Grinder is moderately wounded.
You feel sick.
You are no longer poisoned.
You block Grinder's attack.
You hit Grinder. You bite Grinder, but do no damage.
Grinder is moderately wounded.
You block Grinder's attack.
You closely miss Grinder. You bite Grinder.
Grinder's magic leaks into the air.
You drain her magic.
You feel invigorated.
Grinder is moderately wounded.
Grinder hits you.
You writhe in agony.
* * * LOW HITPOINT WARNING * * *
You closely miss Grinder.
Grinder is moderately wounded.
Grinder hits you.
* * * LOW HITPOINT WARNING * * *
You hit Grinder but do no damage.
Grinder is moderately wounded.
Grinder hits you.
* * * LOW HITPOINT WARNING * * *
You hit Grinder but do no damage.
Grinder is moderately wounded.
Grinder gestures at you. You resist with some effort.
You hit Grinder.
Grinder is heavily wounded.
You block Grinder's attack.
You puncture Grinder! You bite Grinder, but do no damage.
Grinder is severely wounded.
Grinder blinks!
You closely miss Grinder.
Grinder is severely wounded.
Grinder gestures at you. Pain shoots through your body!
* * * LOW HITPOINT WARNING * * *
You are too injured to fight recklessly!
You are too injured to fight recklessly!
You hit Grinder.
Grinder is severely wounded.
Grinder gestures at you.
You suddenly lose the ability to move!
Grinder gestures at you. Pain shoots through your body!
You die...

##### #.!.#
##########...# #
.....>.......# .#
#.......##...######.####
............5...........
########≈†.#####.5.#...
# ≈.≈≈≈..≈≈.# #@..#
≈≈≈≈≈≈≈≈#.# #...#
#########... ....#
........# .....%...
.....####. .....# #.
##.### ..


You could see Grinder.

Vanquished Creatures
  A phantom (D:4)
  2 howler monkeys
  A bullfrog skeleton (D:4)
  A hound (D:5)
  3 worker ants
  A hound skeleton (D:4)
  7 adders
  An ooze (D:3)
  3 worms
  2 leopard geckos (D:5)
  3 orcs
  2 giant cockroaches (D:4)
  2 hobgoblins
  4 jackals
  A bat (D:3)
  A frilled lizard (D:3)
  2 kobolds
  A rat (D:3)
38 creatures vanquished.

Notes
Turn   | Place    | Note
-------+----------+-------------------------------------------
     0 | D:1      | Amnesiac the Vine Stalker Fighter began the quest for the Orb.
     0 | D:1      | Reached XP level 1. HP: 11/11 MP: 2/2
    90 | D:1      | Reached skill level 2 in Short Blades
   195 | D:4      | Noticed a worker ant
   259 | D:3      | Reached XP level 2. HP: 16/16 MP: 3/3
   280 | D:3      | Reached skill level 1 in Dodging
   282 | D:3      | Reached XP level 3. HP: 12/19 MP: 4/4
   534 | D:3      | Found a deep blue altar of Sif Muna.
   651 | D:3      | Reached skill level 3 in Short Blades
   793 | D:4      | Gained mutation: Your natural rate of healing is unusually fast. [Vine Stalker growth]
   793 | D:4      | Reached XP level 4. HP: 22/23 MP: 5/5
   893 | D:4      | Reached XP level 5. HP: 24/27 MP: 6/6
   965 | D:4      | Reached skill level 4 in Short Blades
  1202 | D:4      | Noticed a phantom
  1244 | D:4      | Killed a phantom
  1244 | D:4      | Reached XP level 6. HP: 12/32 MP: 3/7
  1265 | D:4      | Reached skill level 5 in Short Blades
  1564 | D:5      | Entered Level 5 of the Dungeon
  1654 | D:5      | Noticed Grinder
  1675 | D:5      | Paralysed by Grinder for 7 turns
  1676 | D:5      | Killed from afar by Grinder

Vault maps used:
D:1:      saegor_arrival_fortress, nrook_uturn
D:2:      first_ration
D:3:      okawaru_altar_gauntlet_db, lemuel_tele_altar
D:5:      gup_sewer_entry_pipe, uniq_grinder

Skill      XL: |  1  2  3  4  5  6 |
---------------+-------------------+-----
Short Blades   | 2 3 4 5 |  5.7
Dodging        | 1 2 |  2.4
Fighting       | |  2.6
Armour         | |  2.4
Shields        | |  2.6

Action                   |  1- 3 |  4- 6 || total
-------------------------+-------+-------++-------
Melee: Rapier            |    68 |   137 ||   205
       Bite              |    14 |    52 ||    66
  Eat: Chunk             |       |     3 ||     3
Armor: Scale mail        |    21 |    23 ||    44
Dodge: Dodged            |    23 |    31 ||    54
Block: Shield            |    29 |    58 ||    87

Table legend:
 A = Spawn XP
 B = Non-spawn XP
 C = Spawn XP percentage of total XP
 D = Spawn monster count
 E = Non-spawn monster count
 F = Spawn count percentage of total count
 G = Total turns spent on level
                    A         B        C        D         E        F      G
               +---------+---------+-------+---------+---------+-------+---------
         Total |       0 |     589 |   0.0 |       0 |      38 |   0.0 |  1676
               +---------+---------+-------+---------+---------+-------+---------
           D:1 |       0 |       4 |   0.0 |       0 |       2 |   0.0 |   131
           D:2 |       0 |       1 |   0.0 |       0 |       1 |   0.0 |    43
           D:3 |       0 |      57 |   0.0 |       0 |      10 |   0.0 |   464
           D:4 |       0 |     353 |   0.0 |       0 |      18 |   0.0 |   926
           D:5 |       0 |     174 |   0.0 |       0 |       7 |   0.0 |   112
               +---------+---------+-------+---------+---------+-------+---------
